 Dungeon Sprint DCSS version 0.30-a0-605-gb2882149bf (webtiles) character file.

Game seed: 15200385499865189750

5515 NinjaNoafa the Party-goer (level 10, 0/59 HPs)
             Began as a Vine Stalker Fighter on Jan 8, 2023.
             Was a Believer of Uskayaw.
             Slain by an emperor scorpion (5 damage)
             ... in the Dungeon (Sprint VII: "The Pits").
             The game lasted 00:10:04 (990 turns).

NinjaNoafa the Party-goer (Vine Stalker Fighter)     Turns: 990, Time: 00:10:04

Health: 0/59       AC: 18    Str: 19    XL:     10   Next: 70%
Magic:  0/18       EV: 21    Int:  8    God:    Uskayaw [**....]
Gold:   0          SH:  6    Dex: 18    Spells: 17/17 levels left

rFire   + . .      SeeInvis .    p - +2 rapier (protect)
rCold   + . .      Faith    .    c - +0 buckler
rNeg    . . .      Spirit   +    o - +3 ring mail
rPois   +          Reflect  .    m - +0 helmet
rElec   +          Harm     .    (no cloak)
rCorr   +          Rampage  .    (no gloves)
Will    +....      NoTele   +    (no boots)
Stlth   ++++                     (no amulet)
HPRegen 1.09/turn                b - +3 ring of evasion
MPRegen 0.16/turn                i - +3 ring of evasion

@: resistant, under a protective aura, on berserk cooldown, hasted, very quick
A: fangs 3, regeneration 1, magic shield, antimagic bite, no potion heal 2
a: Renounce Religion, Stomp, Line Pass


You were in the Dungeon.
You worshipped Uskayaw.
Uskayaw was aware of your devotion.
You visited 1 branch

Inventory:

Hand Weapons
 p - a +2 rapier of protection (weapon)
Missiles
 d - 2 poisoned darts
 k - 2 curare-tipped darts (quivered)
Armour
 c - a +0 buckler (worn)
 m - a +0 helmet (worn)
 o - a +3 ring mail (worn)
Jewellery
 b - a +3 ring of evasion (left hand)
 i - a +3 ring of evasion (right hand)
Scrolls
 l - 5 scrolls of amnesia
 n - 2 scrolls of vulnerability
Potions
 e - 2 potions of curing
 f - 10 potions of heal wounds
 h - 3 potions of magic
 j - a potion of resistance
 q - a potion of berserk rage


   Skills:
 + Level 10.0 Fighting
 + Level 9.6 Short Blades
 - Level 8.0 Armour
 + Level 8.6 Dodging
 - Level 9.9 Stealth
 - Level 8.0 Shields
 - Level 4.0 Spellcasting
 + Level 10.3 Invocations


You had 17 spell levels left.
You didn't know any spells.
Your spell library was empty.

Dungeon Overview and Level Annotations

Branches:
Dungeon (1/1)

Altars:
Ashenzari
Cheibriados
Dithmenos
Elyvilon
Fedhas
Gozag
Hepliaklqana
Kikubaaqudgha
Makhleb
Nemelex Xobeh
Okawaru
Qazlal
Ru
Sif Muna
Trog
Uskayaw
Vehumet
Wu Jian
Xom
Yredelemnul
Zin
The Shining One
Jiyva
Lugonu


Innate Abilities, Weirdness & Mutations

You have razor-sharp teeth.
Your natural rate of healing is unusually fast.
When hurt, damage is shared between your health and your magic reserves.
Your bite disrupts and absorbs the magic of your enemies.
Potions cannot restore your health.


Message History

* * * LOW HITPOINT WARNING * * *
The emperor scorpion stings you.
* * * LOW HITPOINT WARNING * * *
The emperor scorpion claws you but does no damage.
The emperor scorpion misses you. The redback barely misses you.
The emperor scorpion stings you!
* * * LOW HITPOINT WARNING * * *
You block the emperor scorpion's attack.
The emperor scorpion barely misses you.
Okay, then.
The redback completely misses you.
You feel yourself speed up. The redback barely misses you.
You block the emperor scorpion's attack.
The emperor scorpion closely misses you.
The emperor scorpion claws you but does no damage.
You hit the emperor scorpion but do no damage.
Your weapon exudes an aura of protection.
You bite the emperor scorpion! You drain its power.
You feel invigorated.
The emperor scorpion is moderately wounded.
The redback completely misses you.
The emperor scorpion stings you but does no damage.
The emperor scorpion misses you.
The emperor scorpion completely misses you.
You hit the redback. Your bite misses the redback.
The redback is lightly wounded.
You block the redback's attack.
You hit the redback.
The redback is moderately wounded.
The emperor scorpion closely misses you.
The emperor scorpion completely misses you. x2
You puncture the redback! Your bite misses the redback.
The redback is heavily wounded.
The redback bites you!
* * * LOW HITPOINT WARNING * * *
You can now pass through a line of other dancers.
You closely miss the redback. You bite the redback. You drain its power.
You feel invigorated.
The redback is heavily wounded.
The emperor scorpion stings you!
You die...

##.......##.)÷..##....###
##.......##.##..#)......###
#############...†.........##
########## #....#....####..##
).).#...[##..#..##..##..##..+
))).#.![[##.###..##.'....'..#
....'..))### ##..#.##..##..#
....#..))# +ss+..####...##
....#..))# #@.##.........#
########## ###############


You could see an emperor scorpion and a redback.

Vanquished Creatures
  A nagaraja (D)
  A flayed ghost (D)
  A deep elf pyromancer (D)
  Pikel (D)
  A molten gargoyle (D)
  A cane toad (D)
  A rime drake (D)
  3 kobold demonologists (D)
  A tyrant leech (D)
  A guardian mummy (D)
  A water moccasin (D)
  3 wolves (D)
  3 kobold brigands (D)
  A necrophage (D)
  A scorpion (D)
  4 wights (D)
  An orc priest (D)
  An iguana (D)
  An adder skeleton (D)
  3 orcs (D)
  2 goblins (D)
  6 jackals (D)
  6 kobolds (D)
  A quokka (D)
  A ball python (D)
  2 frilled lizards (D)
49 creatures vanquished.

Vanquished Creatures (collateral kills)
  An ogre (D)
  An iron imp (D)
  A worm (D)
  A ball python zombie (D)
  A goblin (D)
  A kobold (D)
6 creatures vanquished.

Grand Total: 55 creatures vanquished

Notes
Turn   | Place    | Note
-------+----------+-------------------------------------------
     0 | D        | NinjaNoafa the Vine Stalker Fighter began the quest for the
                  | Orb.
     0 | D        | Reached XP level 1. HP: 11/11 MP: 2/2
    32 | D        | Reached skill level 1 in Stealth
    61 | D        | Found a bloodstained altar of Trog.
    61 | D        | Found a shimmering blue altar of Sif Muna.
    61 | D        | Found a viscous altar of Jiyva.
    61 | D        | Found a hazy altar of Hepliaklqana.
    61 | D        | Found an opulent altar of Gozag.
    62 | D        | Found a glowing golden altar of the Shining One.
    62 | D        | Found a glowing silver altar of Zin.
    62 | D        | Found a basalt altar of Yredelemnul.
    62 | D        | Found a shimmering altar of Xom.
    62 | D        | Found an ornate altar of the Wu Jian Council.
    62 | D        | Found a sacrificial altar of Ru.
    62 | D        | Found a stormy altar of Qazlal.
    62 | D        | Found an iron altar of Okawaru.
    62 | D        | Found a sparkling altar of Nemelex Xobeh.
    62 | D        | Found a burning altar of Makhleb.
    62 | D        | Found a blossoming altar of Fedhas.
    62 | D        | Found a white marble altar of Elyvilon.
    62 | D        | Found a shadowy altar of Dithmenos.
    62 | D        | Found a snail-covered altar of Cheibriados.
    63 | D        | Found a radiant altar of Vehumet.
    63 | D        | Found a corrupted altar of Lugonu.
    64 | D        | Found a hide-covered altar of Uskayaw.
    64 | D        | Found an ancient bone altar of Kikubaaqudgha.
    64 | D        | Found a broken altar of Ashenzari.
    72 | D        | Became a worshipper of Uskayaw the Reveller
    93 | D        | Reached * piety under Uskayaw
    98 | D        | Reached XP level 2. HP: 13/16 MP: 3/3
    99 | D        | Reached ** piety under Uskayaw
   101 | D        | Noticed a scorpion
   106 | D        | Reached *** piety under Uskayaw
   107 | D        | Killed a scorpion
   107 | D        | Reached **** piety under Uskayaw
   108 | D        | Reached skill level 1 in Dodging
   108 | D        | Reached XP level 3. HP: 18/21 MP: 1/5
   108 | D        | Gained mutation: Your natural rate of healing is unusually
                  | fast. [Vine Stalker growth]
   108 | D        | Reached XP level 4. HP: 21/25 MP: 1/6
   112 | D        | Reached ***** piety under Uskayaw
   217 | D        | Noticed an ogre
   220 | D        | Killed an ogre
   221 | D        | Reached skill level 5 in Stealth
   221 | D        | Reached XP level 5. HP: 30/30 MP: 8/8
   239 | D        | Noticed Pikel
   260 | D        | Killed Pikel
   261 | D        | Reached skill level 5 in Short Blades
   261 | D        | Reached skill level 5 in Armour
   261 | D        | Reached skill level 5 in Invocations
   261 | D        | Reached XP level 6. HP: 14/36 MP: 7/11
   261 | D        | Reached XP level 7. HP: 15/40 MP: 7/12
   287 | D        | Noticed a rime drake
   289 | D        | Killed a rime drake
   290 | D        | Reached skill level 5 in Dodging
   290 | D        | Gained mutation: You have razor-sharp teeth. [Vine Stalker
                  | growth]
   290 | D        | Reached XP level 8. HP: 45/45 MP: 13/13
   327 | D        | Noticed a deep elf pyromancer
   327 | D        | Noticed a kobold demonologist
   327 | D        | Noticed a kobold demonologist
   327 | D        | Noticed a kobold demonologist
   432 | D        | Noticed a molten gargoyle
   486 | D        | Killed a deep elf pyromancer
   487 | D        | Reached XP level 9. HP: 49/50 MP: 14/16
   489 | D        | Killed a molten gargoyle
   504 | D        | Noticed a sixfirhy
   514 | D        | Killed a kobold demonologist
   516 | D        | Killed a kobold demonologist
   519 | D        | Killed a kobold demonologist
   719 | D        | Noticed a nagaraja
   746 | D        | Killed a nagaraja
   747 | D        | Reached XP level 10. HP: 14/58 MP: 9/18
   809 | D        | Noticed a flayed ghost
   829 | D        | Killed a flayed ghost
   833 | D        | Reached skill level 10 in Invocations
   862 | D        | Noticed a cane toad
   882 | D        | Killed a cane toad
   883 | D        | Reached skill level 10 in Fighting
   923 | D        | Noticed an emperor scorpion
   990 | D        | Slain by an emperor scorpion

Illustrated notes

Levels and vault maps discovered:
D:        pitsprint [storerooms_1, entrance_room_1, metal_vault_7, armoury_3,
          mini_pit_1, grid_room_1, main_hall_1, silver_pit, the_coven_3,
          the_vestibule_1, steel_vault_1, golden_pit, hallway_of_sentries,
          crystal_vault_2, iron_vault_4, final_vault]

Skill      XL: |  1  2  3  4  5  6  7  8  9 10 |
---------------+-------------------------------+-----
Fighting       | 3 4 6 7 9 10 | 10.0
Short Blades   | 2 3 4 5 6 7 8 9 |  9.6
Stealth        | 1 3 5 7 8 9 |  9.9
Shields        | 3 4 6 7 8 |  8.0
Armour         | 3 4 5 6 7 8 |  8.0
Dodging        | 1 3 4 5 6 7 8 |  8.6
Invocations    | 2 3 5 6 7 9 10 | 10.3
Spellcasting   | 4 |  4.0

Action                   |  1- 3 |  4- 6 |  7- 9 | 10-12 || total
-------------------------+-------+-------+-------+-------++-------
Melee: Rapier            |     8 |       |    27 |    66 ||   101
       Dagger            |    11 |    19 |    80 |       ||   110
       Bite              |     3 |     2 |    24 |    33 ||    62
Invok: Line Pass         |       |       |     4 |     2 ||     6
  Use: Potion            |     2 |     1 |     7 |     7 ||    17
       Scroll            |       |     1 |     1 |       ||     2
 Stab: Paralysed         |     1 |     1 |     8 |     4 ||    14
       Sleeping          |       |       |     2 |       ||     2
       Invisible         |       |       |     2 |       ||     2
       Confused          |       |       |     1 |       ||     1
Armor: Scale mail        |    10 |     1 |       |       ||    11
       Ring mail         |       |     5 |    25 |    35 ||    65
Dodge: Dodged            |    15 |     5 |    67 |    87 ||   174
Block: Buckler           |     6 |     3 |    33 |    24 ||    66

Table legend: (Time is in decaauts)
 A = Elapsed time spent in this place.
 B = Non-inter-level travel time spent in this place.
 C = Inter-level travel time spent in this place.
 D = Time resting spent in this place.
 E = Time spent auto-exploring this place.
 F = Levels seen in this place.
 G = Mean time per level.
                   A        B        C        D        E       F      G
               +--------+--------+--------+--------+--------+-----+--------+
         Total |   1024 |    992 |     32 |     33 |    380 |   1 | 1024.0 |
       Dungeon |   1024 |    992 |     32 |     33 |    380 |   1 | 1024.0 |
               +--------+--------+--------+--------+--------+-----+--------+

Top non-repeatable levels by time:
       D: 1024 daAuts
